[Event "Titled Tuesday Blitz June 14 Late 2022"]
[White "Bobadilla Viera, Jorge Samuel"]
[Black "Papp, Levente"]
[WhiteFideId "3906353"]
[BlackFideId "751243"]
[WhiteElo "2202"]
[BlackElo "2308"]
[Result "1-0"]
[Round "06"]
[TimeControl "180+1"]
[Date "2022.06.15"]
[WhiteClock "0:00:04"]
[BlackClock "0:00:03"]

1. e4 e6 2. d4 d5 3. Nd2 Nf6 4. e5 Nfd7 5. c3 c5 6. Bd3 Nc6 7. Ne2 cxd4 8. cxd4 f6 9. exf6 Nxf6 10. Nf3 Bd6 11. O-O O-O 12. h3 e5 13. dxe5 Nxe5 14. Nxe5 Bxe5 15. Bf4 Qd6 16. Bxe5 Qxe5 17. Qd2 Bd7 18. Rfe1 Rfe8 19. Nd4 Qd6 20. Rac1 Rxe1+ 21. Rxe1 Re8 22. a3 Rxe1+ 23. Qxe1 Qf4 24. Ne2 Qe5 25. Qc3 Qxc3 26. Nxc3 Kf7 27. f4 Ke6 28. Ne2 Kd6 29. Kf2 a5 30. b4 axb4 31. axb4 g6 32. Ke3 Ne8 33. g4 Ng7 34. Nd4 h5 35. Bxg6 hxg4 36. h4 Ke7 37. f5 Kf6 38. Kf4 g3 39. Kxg3 Ke5 40. Nf3+ Kf6 41. Kf4 Bxf5 42. Bxf5 Nxf5 43. h5 Nh6 44. Ne5 Ke6 45. Nf3 Kf6 46. Nd4 Nf7 47. Nb5 Ke6 48. Ke3 Ke5 49. Nd4 Nh6 50. Kd3 b6 51. b5 Ng4 52. Nf3+ Kd6 53. Ng5 Nh6 54. Kd4 Nf5+ 55. Kc3 Nh6 56. Kb4 Nf5 57. Nf7+ Ke6 58. Ng5+ Kd6 59. Nf3 Nh6 60. Nd4 Ke5 61. Nc6+ Kd6 62. Na7 Ke5 63. Nc8 d4 64. Kc4 Nf5 65. Nxb6 Kd6 66. Na4 Kc7 67. Nc5 Kb6 68. Nd7+ Kc7 69. Ne5 Kb6 70. Nd3 Kc7 71. Nb4 Kb6 72. Nd5+ Ka5 73. Kc5 d3 74. b6 d2 75. Nc3 Ka6 76. Kc6 Ne7+ 77. Kd7 Nd5 78. Nd1 Kxb6 79. h6 Kc5 80. Ke6 Nf4+ 81. Kf5 Nd5 82. h7 Kd4 83. h8=Q+ Kd3 84. Qd8 Ke2 85. Qxd5 Kxd1 86. Ke4 Ke2 87. Qc4+ Kf2 88. Qc2 Ke2 89. Kd4 Ke1 90. Qe4+ Kf2 91. Qd3 Ke1 92. Qe3+ Kd1 93. Kc3 1-0


[Site "https://www.chess.com"]

[Event "Titled Tuesday Blitz June 14 Late 2022"]
[White "Bolanos, Fernando"]
[Black "Vivas Zamora, Fabian Ernesto"]
[WhiteFideId "3304094"]
[BlackFideId "3902480"]
[WhiteElo "2048"]
[BlackElo "2014"]
[Result "1-0"]
[Round "06"]
[TimeControl "180+1"]
[Date "2022.06.15"]
[WhiteClock "0:00:10"]
[BlackClock "0:00:08"]

1. e4 e5 2. Nf3 Nc6 3. Bb5 f5 4. d3 fxe4 5. dxe4 Nf6 6. Nbd2 Bc5 7. O-O O-O 8. a4 a6 9. Bd3 d6 10. Qe2 Nh5 11. Nb3 Bg4 12. Kh1 Qf6 13. Be3 Nf4 14. Bxf4 Qxf4 15. Nxc5 dxc5 16. Qe3 Bxf3 17. gxf3 Nd4 18. Rad1 Qxf3+ 19. Qxf3 Rxf3 20. c3 Nc6 21. Kg2 Rf6 22. Bc4+ Kf8 23. Rd7 Rc8 24. Rfd1 Na5 25. Be2 Rg6+ 26. Kf1 c4 27. R1d5 b6 28. Rxe5 Rf6 29. Bg4 Nc6 30. Red5 Rd8 31. Rxd8+ Nxd8 32. Rxd8+ Ke7 33. Rd7+ Ke8 34. Rxg7 Rh6 35. Rxc7 Rh4 36. h3 Rh6 37. Rc8+ Ke7 38. Rxc4 Rd6 39. Rd4 Rc6 40. f4 Kf6 41. e5+ Kg7 42. f5 Rc5 43. Rd7+ Kh6 44. e6 Kg5 45. Rd4 Re5 46. Kf2 h5 47. Bf3 Kxf5 48. Re4 Rxe4 49. Bxe4+ Kxe6 50. h4 Ke5 51. Ke3 Kf6 52. Kf4 a5 53. Bf3 Ke6 54. Bxh5 Kd5 55. b3 Kc5 56. Be8 b5 57. Bxb5 Kd5 58. h5 Kd6 59. h6 1-0


[Site "https://www.chess.com"]

[Event "Titled Tuesday Blitz June 14 Late 2022"]
[White "Bongo Akanga Ndjila, Barthelemy"]
[Black "Johnson, Ben"]
[WhiteFideId "10609431"]
[BlackFideId "2010917"]
[WhiteElo "1768"]
[BlackElo "2152"]
[Result "1-0"]
[Round "06"]
[TimeControl "180+1"]
[Date "2022.06.15"]
[WhiteClock "0:00:13"]
[BlackClock "0:00:05"]

1. d4 Nf6 2. c4 e6 3. Nc3 Bb4 4. g3 d5 5. Bg2 O-O 6. Nf3 dxc4 7. Ne5 Nd5 8. Bd2 Bxc3 9. bxc3 b5 10. a4 c6 11. axb5 cxb5 12. O-O Bb7 13. Qb1 a6 14. Nxc4 Qc7 15. Na5 Nxc3 16. Bxc3 Bxg2 17. Kxg2 Qxc3 18. Qe4 Ra7 19. Rfc1 Qb4 20. Rcb1 Qd6 21. e3 f5 22. Qd3 e5 23. Nb3 Nd7 24. Nd2 exd4 25. exd4 Nc5 26. Qc3 Ne4 27. Nxe4 fxe4 28. Rxb5 Raf7 29. Rb2 h5 30. h4 Rd7 31. Rd1 Qd5 32. Qe3 Kh7 33. Qg5 Rf5 34. Qe3 Rf3 35. Qg5 Qxg5 36. hxg5 Rf5 37. Rb6 a5 38. g6+ Kh6 39. Ra6 Rg5 40. Kf1 Rgd5 41. Ke2 Rxd4 42. Rxd4 Rxd4 43. Rxa5 Kxg6 44. Ke3 Rb4 45. Re5 Kf6 46. Rxh5 Rb3+ 47. Ke2 g6 48. Ra5 Ke6 49. g4 Kf6 50. g5+ Ke6 51. Rc5 Kd6 52. Ra5 Rc3 53. Ra6+ Ke5 54. Rxg6 Rc2+ 55. Ke3 Rc3+ 56. Ke2 Rc2+ 57. Ke1 Rc3 58. Rg7 Rf3 59. Rg8 Kf5 60. g6 e3 61. fxe3 Rxe3+ 62. Kf2 Rg3 63. Kxg3 Kf6 64. Kg4 1-0


[Site "https://www.chess.com"]

[Event "Titled Tuesday Blitz June 14 Late 2022"]
[White "Bringas Gomez, Artai"]
[Black "Wieczorek, Oskar"]
[WhiteFideId "24534064"]
[BlackFideId "1133950"]
[WhiteElo "1988"]
[BlackElo "2330"]
[Result "1-0"]
[Round "06"]
[TimeControl "180+1"]
[Date "2022.06.15"]
[WhiteClock "0:01:32"]
[BlackClock "0:00:08"]

1. d4 Nf6 2. c4 c5 3. d5 g6 4. Nc3 Bg7 5. e4 d6 6. Nge2 O-O 7. Ng3 e6 8. Be2 exd5 9. exd5 h5 10. h4 Ng4 11. Bg5 f6 12. Bf4 Ne5 13. Qd2 Re8 14. Kf1 Nbd7 15. Kg1 Nf8 16. Rf1 f5 17. Bg5 Bf6 18. Bxh5 gxh5 19. Nxh5 Nh7 20. Nxf6+ Nxf6 21. h5 Qe7 22. h6 Qf7 23. Nb5 Ne4 24. Qc1 a6 25. Nc3 Kh7 26. Ne2 Rg8 27. f4 Ng4 28. Rh3 Bd7 29. Ng3 Nxg3 30. Rxg3 Rae8 31. Qc2 Re4 32. Rxg4 Rge8 33. Rg3 Re2 34. Qc3 b5 35. Bh4 Rh8 36. Rg7+ 1-0


[Site "https://www.chess.com"]

[Event "Titled Tuesday Blitz June 14 Late 2022"]
[White "Chiu, Isaac"]
[Black "Sanal, Vahap"]
[WhiteFideId "30900654"]
[BlackFideId "6300545"]
[WhiteElo "2117"]
[BlackElo "2574"]
[Result "0-1"]
[Round "06"]
[TimeControl "180+1"]
[Date "2022.06.14"]
[WhiteClock "0:00:02"]
[BlackClock "0:01:02"]

1. Nf3 Nf6 2. b3 g6 3. Bb2 Bg7 4. g3 d6 5. d4 c5 6. dxc5 Qa5+ 7. Nbd2 Qxc5 8. e3 O-O 9. Bg2 Qh5 10. h3 Nc6 11. g4 Qa5 12. O-O h5 13. g5 Ne8 14. Bxg7 Nxg7 15. c4 h4 16. Nxh4 Qxg5 17. Nhf3 Qh5 18. Nd4 Qh6 19. Kh2 Ne6 20. Nxc6 bxc6 21. Bxc6 Ng5 22. Bxa8 Qxh3+ 23. Kg1 Bg4 24. Bg2 Qh4 25. f3 Nh3+ 26. Bxh3 Bxh3 27. Qe2 Qg5+ 28. Kh2 Bxf1 29. Rxf1 Kg7 30. Qg2 Qxe3 31. Rf2 Rh8+ 32. Kg1 Rh5 33. Nf1 Qc1 34. f4 e5 35. Qf3 Rf5 36. Rg2 Rxf4 37. Qe2 a5 38. Rf2 Rh4 39. Qf3 Qg5+ 40. Ng3 Rf4 41. Qe3 f5 42. Kg2 Rxf2+ 43. Qxf2 f4 44. a3 e4 45. Qd4+ Kh7 46. Qxe4 Qxg3+ 47. Kf1 Kh6 0-1


[Site "https://www.chess.com"]

[Event "Titled Tuesday Blitz June 14 Late 2022"]
[White "Colpe, Malte"]
[Black "Ivanisevic, Ivan"]
[WhiteFideId "24623075"]
[BlackFideId "912417"]
[WhiteElo "2328"]
[BlackElo "2535"]
[Result "1-0"]
[Round "06"]
[TimeControl "180+1"]
[Date "2022.06.14"]
[WhiteClock "0:00:19"]
[BlackClock "0:00:04"]

1. e4 e5 2. Nf3 Nc6 3. Bc4 d6 4. d4 Nf6 5. d5 Ne7 6. Bd3 Ng6 7. Nc3 Be7 8. Ne2 c6 9. c4 O-O 10. h3 Bd7 11. O-O Qb8 12. a4 a5 13. Be3 Rc8 14. Qd2 h6 15. Ng3 cxd5 16. exd5 Nf8 17. b3 Bd8 18. Bf5 Qc7 19. Bxh6 gxh6 20. Qxh6 Be8 21. Nh4 Ng6 22. Bxc8 Nxh4 23. Bf5 Ng6 24. h4 Nf4 25. h5 Qe7 26. Qg5+ Kh8 27. Qh6+ Kg8 28. Ne4 1-0


[Site "https://www.chess.com"]

[Event "Titled Tuesday Blitz June 14 Late 2022"]
[White "Deac, Bogdan-Daniel"]
[Black "Fedoseev, Vladimir"]
[WhiteFideId "1226380"]
[BlackFideId "24130737"]
[WhiteElo "2648"]
[BlackElo "2726"]
[Result "0-1"]
[Round "06"]
[TimeControl "180+1"]
[Date "2022.06.14"]
[WhiteClock "0:00:10"]
[BlackClock "0:00:34"]

1. e4 c5 2. Nf3 d6 3. d4 cxd4 4. Nxd4 Nf6 5. Nc3 a6 6. f3 e6 7. Be3 Qc7 8. g4 h6 9. Qd2 b5 10. h4 b4 11. Nce2 d5 12. e5 Nfd7 13. f4 Nb6 14. b3 N8d7 15. Bg2 Nc5 16. Ng3 Be7 17. h5 Bd7 18. O-O a5 19. Rae1 Rc8 20. f5 Bh4 21. Bf2 Bg5 22. Be3 Bh4 23. Bf4 Qd8 24. Qe3 Ne4 25. fxe6 Bxe6 26. Nxe6 fxe6 27. Nxe4 dxe4 28. Rd1 Nd5 29. Qxe4 O-O 30. Bxh6 Rxf1+ 31. Rxf1 Bg5 32. Qg6 Bxh6 33. Qxe6+ Kh8 34. Qxd5 Be3+ 35. Kh2 Qh4+ 0-1


[Site "https://www.chess.com"]

[Event "Titled Tuesday Blitz June 14 Late 2022"]
[White "Djokic, Mihailo"]
[Black "Fishbein, Mitch"]
[WhiteFideId "976440"]
[BlackFideId "30922917"]
[WhiteElo "2255"]
[BlackElo "1939"]
[Result "1-0"]
[Round "06"]
[TimeControl "180+1"]
[Date "2022.06.15"]
[WhiteClock "0:00:01"]
[BlackClock "0:00:01"]

1. e4 Nf6 2. e5 Nd5 3. c4 Nb6 4. d4 d6 5. exd6 cxd6 6. Nc3 g6 7. Be3 Bg7 8. Rc1 O-O 9. b3 Bf5 10. Be2 d5 11. c5 Nc8 12. Bf3 Be6 13. Nge2 b6 14. Nf4 bxc5 15. Ncxd5 cxd4 16. Nxe6 fxe6 17. Nc7 dxe3 18. Qxd8 Rxd8 19. fxe3 Nd7 20. Nxe6 Ncb6 21. Nxd8 Rxd8 22. O-O Ne5 23. Be4 Bh6 24. Rfe1 Ng4 25. Rc3 Rd2 26. a4 Nd5 27. Bxd5+ Rxd5 28. h3 Ne5 29. Rc7 Kf7 30. Rxa7 Rd3 31. Rb7 Bxe3+ 32. Kh1 Bd4 33. a5 Bc3 34. Rf1+ Ke6 35. a6 Bd4 36. b4 Ra3 37. b5 Nc4 38. Re1+ Be5 39. a7 Nd6 40. Rc7 Nxb5 41. Rc5 Nxa7 42. Rcxe5+ Kf6 43. Rxe7 Nb5 44. R1e6+ Kf5 45. Re5+ Kf6 46. R7e6+ Kf7 47. Re7+ Kf6 48. R5e6+ Kf5 49. g4+ Kf4 50. Re4+ Kf3 51. Re2 Nd4 52. Rd2 Ne2 53. Rf7+ Nf4 54. Kh2 Re3 55. Rg2 1-0


[Site "https://www.chess.com"]

[Event "Titled Tuesday Blitz June 14 Late 2022"]
[White "Hambleton, Aman"]
[Black "Sowa, Ryan"]
[WhiteFideId "2606577"]
[BlackFideId "30901693"]
[WhiteElo "2552"]
[BlackElo "2568"]
[Result "1-0"]
[Round "06"]
[TimeControl "180+1"]
[Date "2022.06.14"]
[WhiteClock "0:00:03"]
[BlackClock "0:00:38"]

1. b3 Nf6 2. Bb2 g6 3. c4 Bg7 4. g3 O-O 5. Bg2 c5 6. Nf3 d5 7. cxd5 Qxd5 8. Nc3 Qd6 9. Rc1 Nc6 10. Nb5 Qd7 11. Rxc5 b6 12. Rc1 Ba6 13. a4 Bxb5 14. axb5 Nb4 15. Ne5 Qxb5 16. Bxa8 Rxa8 17. O-O h5 18. Nf3 h4 19. Nxh4 Qh5 20. Rc4 Nbd5 21. Nf3 Ng4 22. Bxg7 Kxg7 23. Kg2 Rh8 24. h4 Ndf6 25. Qa1 Qd5 26. Qd4 Qe6 27. Re1 b5 28. Rc5 Qxb3 29. Ng5 e5 30. Qd3 Qb4 31. Rc7 Nh6 32. Ne6+ Kh7 33. Ng5+ Kg7 34. Rec1 Re8 35. R1c6 Re7 36. Rxe7 Qxe7 37. Qxb5 Nf5 38. Qa6 Nd4 39. Rc3 Nxe2 40. Qxe2 Nd5 41. Rf3 Nf6 42. Ne4 1-0


[Site "https://www.chess.com"]

[Event "Titled Tuesday Blitz June 14 Late 2022"]
[White "Hjartarson, Johann"]
[Black "Livaic, Leon"]
[WhiteFideId "2300044"]
[BlackFideId "14531534"]
[WhiteElo "2458"]
[BlackElo "2540"]
[Result "0-1"]
[Round "06"]
[TimeControl "180+1"]
[Date "2022.06.14"]
[WhiteClock "0:00:08"]
[BlackClock "0:00:06"]

1. e4 e6 2. d4 d5 3. Nc3 Bb4 4. e5 c5 5. a3 Bxc3+ 6. bxc3 Ne7 7. Nf3 Qa5 8. Bd2 Nbc6 9. h4 Qa4 10. h5 h6 11. dxc5 Qe4+ 12. Be2 Nxe5 13. O-O Nxf3+ 14. Bxf3 Qf5 15. Rb1 O-O 16. Rb4 e5 17. Bg4 Qf6 18. Bxc8 Rfxc8 19. Rxb7 Rxc5 20. Qg4 Nf5 21. Rfb1 Rc4 22. Qf3 e4 23. Qh3 Rcc8 24. Qg4 Nd6 25. Rd7 Rd8 26. Rxd8+ Rxd8 27. Be3 Nc4 28. Bd4 Qg5 29. Qxg5 hxg5 30. a4 a5 31. Rb5 f6 32. Rb7 Rd6 33. Kf1 g4 34. Ke2 Kh7 35. Rb8 Rd7 36. g3 Nd6 37. Ke3 Nf5+ 38. Kf4 Nxd4 39. cxd4 Rc7 40. Rb5 Rxc2 41. Rxd5 Rxf2+ 42. Kxe4 Rf3 43. Rxa5 Rxg3 44. Rb5 Ra3 45. a5 g3 46. Kd5 g2 47. Rb1 Rxa5+ 48. Kc6 Rxh5 49. d5 Rh1 0-1


[Site "https://www.chess.com"]

[Event "Titled Tuesday Blitz June 14 Late 2022"]
[White "Hoffmann, Asa"]
[Black "Guzman, Christopher"]
[WhiteFideId "2001470"]
[BlackFideId "6405096"]
[WhiteElo "2117"]
[BlackElo "2244"]
[Result "1/2-1/2"]
[Round "06"]
[TimeControl "180+1"]
[Date "2022.06.15"]
[WhiteClock "0:01:05"]
[BlackClock "0:00:55"]

1. d4 Nf6 2. Bg5 e6 3. Nd2 d5 4. e3 c5 5. c3 Nc6 6. f4 Qb6 7. Rb1 cxd4 8. exd4 Ne4 9. Nxe4 dxe4 10. Bc4 Bd6 11. Qe2 h6 12. Bh4 Bxf4 13. Qxe4 Bd6 14. Nf3 O-O 15. O-O Qc7 16. Bd3 f5 17. Qe2 a6 18. Rbe1 Bd7 19. Bc4 Rae8 20. Bb3 Na5 21. Ne5 Nxb3 22. axb3 Bxe5 23. Qxe5 Qc8 24. Qd6 Qc6 25. Bg3 Qxd6 26. Bxd6 Rf7 27. Re5 Rc8 28. Rfe1 Rc6 29. Bb4 Rb6 30. d5 exd5 31. Rxd5 Bc6 32. Rd6 a5 33. Bxa5 Rxb3 34. Re2 Rb5 35. Bb4 Be4 36. g3 Kh7 37. Red2 Re5 38. Kf2 Ree7 39. h4 h5 40. Rd8 Rc7 41. Ke3 Rc4 42. R2d4 Rxd4 43. cxd4 Rc7 44. d5 Kg6 45. Bc3 Rf7 46. d6 Bc6 47. Kf4 Rd7 48. Rxd7 Bxd7 49. Ke5 Kf7 50. Bd2 g6 51. Bf4 Bc6 52. b4 Bd7 53. Kd4 Ke6 54. Kc5 Bc6 55. b5 Bf3 56. Kb6 Kd7 57. Kc5 Ke6 1/2-1/2


[Site "https://www.chess.com"]

[Event "Titled Tuesday Blitz June 14 Late 2022"]
[White "Holt, Conrad"]
[Black "Artemenko, Oleg"]
[WhiteFideId "2034387"]
[BlackFideId "14201798"]
[WhiteElo "2586"]
[BlackElo "2287"]
[Result "1-0"]
[Round "06"]
[TimeControl "180+1"]
[Date "2022.06.14"]
[WhiteClock "0:00:19"]
[BlackClock "0:00:09"]

1. d4 Nf6 2. c4 e6 3. Nc3 c5 4. d5 exd5 5. cxd5 d6 6. e4 g6 7. h3 Bg7 8. Nf3 O-O 9. Bd3 b5 10. Bxb5 Nxe4 11. Nxe4 Qa5+ 12. Nfd2 Qxb5 13. Nxd6 Qa6 14. N2c4 Nd7 15. O-O Ne5 16. Nxc8 Rfxc8 17. Nxe5 Bxe5 18. Re1 Re8 19. Bg5 Bxb2 20. Rxe8+ Rxe8 21. d6 f6 22. Qb3+ c4 23. Qxb2 fxg5 24. Qf6 Qc6 25. Rd1 Qd7 26. Qxg5 Re6 27. Qd5 Kf7 28. Qxc4 h6 29. g4 Ke8 30. Qd4 Kd8 31. Qh8+ Qe8 32. Qc3 Qd7 33. Qb4 Ke8 34. Qb2 Kf7 35. Qh8 Qe8 36. Qxe8+ Kxe8 37. Rd3 Kd7 38. Ra3 Rxd6 39. Rxa7+ Ke6 40. Rh7 Ke5 41. Rxh6 Kf4 42. Kg2 Ra6 43. Rh8 Rxa2 44. Rf8+ Kg5 45. Kg3 Ra3+ 46. f3 Ra4 47. Rf7 Kh6 48. h4 g5 49. Rf6+ Kg7 50. hxg5 Ra5 51. Rf5 Ra1 52. Rb5 Rg1+ 53. Kf4 Ra1 54. Kf5 Ra8 55. Rb7+ Kg8 56. f4 Rf8+ 57. Kg6 Rd8 58. f5 Ra8 59. f6 Rf8 60. Rg7+ Kh8 61. Rh7+ Kg8 62. f7+ 1-0


[Site "https://www.chess.com"]

[Event "Titled Tuesday Blitz June 14 Late 2022"]
[White "Injac, Teodora"]
[Black "Florescu, Codrut-Constantin"]
[WhiteFideId "932400"]
[BlackFideId "1202200"]
[WhiteElo "2278"]
[BlackElo "2191"]
[Result "1-0"]
[Round "06"]
[TimeControl "180+1"]
[Date "2022.06.14"]
[WhiteClock "0:00:10"]
[BlackClock "0:00:12"]

1. Nf3 d5 2. g3 Nf6 3. Bg2 e6 4. O-O Be7 5. c4 O-O 6. d4 c6 7. Qc2 Nbd7 8. Nbd2 b6 9. e4 Bb7 10. e5 Ne8 11. cxd5 exd5 12. Re1 Nc7 13. h4 Ne6 14. Nf1 c5 15. Be3 Rc8 16. Qd2 a5 17. a3 cxd4 18. Bxd4 Ndc5 19. Qe3 Nxd4 20. Nxd4 Ne6 21. Nf5 d4 22. Nxd4 Nxd4 23. Bxb7 Nc2 24. Qe4 Rc7 25. Rad1 Qb8 26. Re2 Nxa3 27. Bd5 Nb5 28. Ne3 g6 29. h5 Kg7 30. hxg6 fxg6 31. Bc4 Na7 32. Nd5 Bc5 33. Nxc7 Qxc7 34. Kg2 Nc6 35. Bd5 Ne7 36. Be6 Qc6 37. Qxc6 Nxc6 38. Rd7+ Kh6 39. f4 Nd4 40. Re1 g5 41. f5 g4 42. Rh1+ Kg5 43. Rg7# 1-0


[Site "https://www.chess.com"]

[Event "Titled Tuesday Blitz June 14 Late 2022"]
[White "Ivic, Velimir"]
[Black "Andreikin, Dmitry"]
[WhiteFideId "950122"]
[BlackFideId "4158814"]
[WhiteElo "2610"]
[BlackElo "2736"]
[Result "1-0"]
[Round "06"]
[TimeControl "180+1"]
[Date "2022.06.14"]
[WhiteClock "0:01:59"]
[BlackClock "0:02:12"]

1. e4 e5 2. Nf3 Nf6 3. Nxe5 d6 4. Nf3 Nxe4 5. d4 Nf6 6. Bd3 Be7 7. O-O O-O 8. h3 b6 9. c4 Bb7 10. Nc3 Nbd7 11. Re1 Re8 12. d5 Bf8 13. Bf4 g6 14. Qd2 Bg7 15. Bh6 Bh8 16. Bg5 Rxe1+ 17. Rxe1 Qf8 18. Bh6 Bg7 19. Bxg7 Kxg7 20. b4 a5 21. a3 axb4 22. axb4 Re8 23. Nd4 Rxe1+ 24. Qxe1 Ne5 25. Bf1 Qd8 26. f4 Ned7 27. g4 Ng8 28. Qe3 Ba6 29. Nc6 Qf6 30. g5 Qf5 31. Bd3 1-0


[Site "https://www.chess.com"]

[Event "Titled Tuesday Blitz June 14 Late 2022"]
[White "Janaszak, Dawid"]
[Black "Roman, Rodrigo"]
[WhiteFideId "1119206"]
[BlackFideId "3701220"]
[WhiteElo "2199"]
[BlackElo "2001"]
[Result "0-1"]
[Round "06"]
[TimeControl "180+1"]
[Date "2022.06.15"]
[WhiteClock "0:00:07"]
[BlackClock "0:00:12"]

1. d4 e6 2. e4 d5 3. Bd3 Nf6 4. e5 Nfd7 5. Ne2 c5 6. c3 Nc6 7. a3 a5 8. O-O c4 9. Bc2 b5 10. Nf4 g6 11. Qg4 Qe7 12. Nd2 h5 13. Qg3 g5 14. Ne2 h4 15. Qg4 h3 16. g3 f5 17. exf6 Nxf6 18. Qxg5 Bh6 19. Qg6+ Kd8 20. Nf3 Bxc1 21. Rfxc1 Bd7 22. Qg5 Kc7 23. Ne5 Rag8 24. Ng6 Rxg6 25. Qxg6 Rg8 26. Qh6 Ng4 27. Qf4+ e5 28. dxe5 Rf8 29. e6+ Rxf4 30. Nxf4 Bxe6 31. Re1 Nce5 32. Re2 Bf7 33. Kh1 Qc5 34. Rf1 Nf3 35. Nxh3 d4 36. Be4 d3 37. Bxf3 dxe2 38. Bxe2 Bd5+ 39. Kg1 Qc6 40. Nf4 Bf3 41. Re1 Ne5 42. h4 Qe4 43. Kf1 Bxe2+ 44. Rxe2 Qh1# 0-1


[Site "https://www.chess.com"]

[Event "Titled Tuesday Blitz June 14 Late 2022"]
[White "Jobava, Baadur"]
[Black "Moroni, Luca Jr"]
[WhiteFideId "13601520"]
[BlackFideId "865834"]
[WhiteElo "2617"]
[BlackElo "2573"]
[Result "1-0"]
[Round "06"]
[TimeControl "180+1"]
[Date "2022.06.14"]
[WhiteClock "0:00:07"]
[BlackClock "0:00:03"]

1. b3 e5 2. Bb2 Nc6 3. Nf3 d6 4. d4 exd4 5. Nxd4 Nxd4 6. Qxd4 Nf6 7. Nc3 Be7 8. O-O-O O-O 9. Nd5 Be6 10. Nxe7+ Qxe7 11. e4 a5 12. a4 Rfd8 13. f3 d5 14. e5 Nd7 15. Qf2 c5 16. f4 f5 17. exf6 Nxf6 18. Qh4 c4 19. Re1 Qf7 20. Bxf6 gxf6 21. bxc4 dxc4 22. f5 Bd5 23. Be2 Qf8 24. Qg3+ Kh8 25. Qc3 b5 26. axb5 Rab8 27. Bf3 Rxb5 28. Bxd5 Rbxd5 29. g4 Rd4 30. g5 Qb4 31. Qxb4 axb4 32. gxf6 Kg8 33. Re7 Ra8 34. Rg1+ Kf8 35. Kb2 c3+ 36. Kb1 Rd2 37. Rxh7 Ra6 38. f7 1-0


[Site "https://www.chess.com"]

[Event "Titled Tuesday Blitz June 14 Late 2022"]
[White "Kalajzic, Ivan"]
[Black "Uskov, Artem"]
[WhiteFideId "14506378"]
[BlackFideId "34254854"]
[WhiteElo "2163"]
[BlackElo "2335"]
[Result "1/2-1/2"]
[Round "06"]
[TimeControl "180+1"]
[Date "2022.06.15"]
[WhiteClock "0:00:15"]
[BlackClock "0:00:17"]

1. d4 Nf6 2. Nc3 d5 3. Bg5 g6 4. Qd2 c6 5. O-O-O b5 6. f3 Bg7 7. Bh6 O-O 8. Bxg7 Kxg7 9. e4 b4 10. Na4 dxe4 11. Qxb4 Na6 12. Bxa6 Bxa6 13. Nc5 exf3 14. Nxf3 Be2 15. Rd2 Bxf3 16. gxf3 a5 17. Qc4 e6 18. Ne4 Nd5 19. Qc5 a4 20. c4 Nf6 21. Qe5 Ra5 22. c5 Ra7 23. h4 Rd7 24. Nd6 Kg8 25. h5 Ne8 26. hxg6 fxg6 27. Qxe6+ Kh8 28. Qxg6 Nxd6 29. cxd6 Rg7 30. Qe4 Qxd6 31. Rdh2 Rff7 32. Rh3 Qc7 33. Qe5 Qxe5 34. dxe5 Rf5 35. Re1 Re7 36. Rh6 c5 37. e6 Rxf3 38. Rh5 c4 39. Rc5 Rf4 40. Kc2 Kg7 41. Kc3 Kf6 42. Rxc4 Rxc4+ 43. Kxc4 Rxe6 44. Rh1 Re4+ 45. Kb5 Kg6 46. b4 axb3 47. axb3 h5 48. b4 h4 49. Kc5 Kg5 50. b5 Kg4 51. b6 Re2 52. Rb1 Re8 53. b7 Rb8 54. Kc6 h3 55. Kc7 Rxb7+ 56. Kxb7 h2 57. Kc6 Kg3 58. Kd5 Kg2 59. Rb2+ Kg1 60. Ke5 h1=Q 61. Rb1+ Kh2 62. Rxh1+ Kxh1 1/2-1/2


[Site "https://www.chess.com"]

[Event "Titled Tuesday Blitz June 14 Late 2022"]
[White "Kamsky, Gata"]
[Black "Martinez Alcantara, Jose Eduardo"]
[WhiteFideId "2000024"]
[BlackFideId "3805662"]
[WhiteElo "2645"]
[BlackElo "2703"]
[Result "0-1"]
[Round "06"]
[TimeControl "180+1"]
[Date "2022.06.14"]
[WhiteClock "0:00:01"]
[BlackClock "0:00:06"]

1. e4 c5 2. Nf3 d6 3. Bb5+ Nd7 4. a4 Nf6 5. Nc3 e6 6. O-O a6 7. Be2 b6 8. d4 cxd4 9. Qxd4 Bb7 10. Bg5 Qc7 11. Rad1 Be7 12. Rfe1 O-O 13. Bh4 Ne5 14. Bg3 Nfd7 15. Nxe5 Nxe5 16. Kh1 Rad8 17. f4 Nc6 18. Qc4 Qc8 19. Bf2 Na5 20. Qb4 Nc6 21. Qxb6 Rd7 22. Qe3 Nb4 23. Rd2 d5 24. exd5 Bxd5 25. Nxd5 Rxd5 26. Rxd5 Nxd5 27. Qe4 Bf6 28. c3 Qb8 29. Bd3 g6 30. Bxa6 Qxb2 31. Kg1 Nxc3 32. Qc4 Nd5 33. Bb5 Qd2 34. g3 Rd8 35. Qe2 Qb4 36. Qc4 Qd2 37. Qe2 Qa5 38. Qf3 Bd4 39. Rd1 Bxf2+ 40. Qxf2 Qb4 41. Qd4 Qa3 42. Qf2 Rc8 43. Qd2 Qc5+ 44. Qf2 Qb4 45. Qd2 Rc3 46. Qf2 Qb3 47. Re1 Ne3 48. Qe2 Qb4 49. Qf2 Ng4 50. Qe2 Qc5+ 51. Kh1 h5 52. Qd2 Kh7 0-1


[Site "https://www.chess.com"]

[Event "Titled Tuesday Blitz June 14 Late 2022"]
[White "Kim, Sergey"]
[Black "Mekhitarian, Krikor Sevag"]
[WhiteFideId "13700570"]
[BlackFideId "2107660"]
[WhiteElo "2580"]
[BlackElo "2611"]
[Result "1-0"]
[Round "06"]
[TimeControl "180+1"]
[Date "2022.06.14"]
[WhiteClock "0:01:15"]
[BlackClock "0:00:05"]

1. d4 d5 2. c4 dxc4 3. e3 Nf6 4. Bxc4 e6 5. Nf3 c5 6. O-O a6 7. Qe2 b5 8. Bb3 Bb7 9. Rd1 Nbd7 10. Nc3 Qb8 11. e4 cxd4 12. Nxd4 Bd6 13. h3 O-O 14. a3 Be5 15. Bg5 h6 16. Be3 Nc5 17. Nc6 Bxc6 18. Bxc5 Rc8 19. Bd4 Bxd4 20. Rxd4 Qe5 21. Rad1 g5 22. f3 Kg7 23. Qd2 Nh5 24. Ne2 Rc7 25. Rd6 Rac8 26. Qd4 Qxd4+ 27. Nxd4 Bb7 28. Bxe6 Re8 29. Nf5+ Kf8 30. Bd7 Rd8 31. Rxh6 1-0


[Site "https://www.chess.com"]

[Event "Titled Tuesday Blitz June 14 Late 2022"]
[White "Korchmar, Vasiliy"]
[Black "Ibarra Jerez, Jose Carlos"]
[WhiteFideId "24131750"]
[BlackFideId "2226332"]
[WhiteElo "2370"]
[BlackElo "2628"]
[Result "0-1"]
[Round "06"]
[TimeControl "180+1"]
[Date "2022.06.14"]
[WhiteClock "0:00:04"]
[BlackClock "0:00:18"]

1. e4 Nc6 2. Nf3 d6 3. d4 Nf6 4. Bd3 Nb4 5. O-O Nxd3 6. Qxd3 g6 7. Bg5 Bg7 8. Nbd2 O-O 9. Rfe1 c6 10. c3 h6 11. Bh4 Nh5 12. Bg3 Nxg3 13. hxg3 Qc7 14. a4 e5 15. a5 Re8 16. Nc4 exd4 17. cxd4 Bg4 18. e5 dxe5 19. Nfxe5 Be6 20. b4 Rad8 21. Rad1 Bxc4 22. Qxc4 Bxe5 23. dxe5 Rxd1 24. Rxd1 Rxe5 25. Qd4 Rd5 26. Qa1 Rxd1+ 27. Qxd1 b6 28. a6 c5 29. Qd5 cxb4 30. Qb7 Qc1+ 31. Kh2 b3 32. Qxa7 b2 33. Qb8+ Kh7 34. Qb7 Kg7 35. a7 b1=Q 36. g4 Qf4+ 37. g3 Qxf2+ 38. Kh3 Qbf1+ 0-1


[Site "https://www.chess.com"]

[Event "Titled Tuesday Blitz June 14 Late 2022"]
[White "Kosteniuk, Alexandra"]
[Black "Swiercz, Dariusz"]
[WhiteFideId "4128125"]
[BlackFideId "1126881"]
[WhiteElo "2469"]
[BlackElo "2627"]
[Result "1-0"]
[Round "06"]
[TimeControl "180+1"]
[Date "2022.06.14"]
[WhiteClock "0:00:21"]
[BlackClock "0:00:04"]

1. e4 c5 2. c3 d5 3. exd5 Qxd5 4. d4 g6 5. Nf3 Bg7 6. Nbd2 cxd4 7. Bc4 Qd8 8. Nxd4 Nf6 9. O-O O-O 10. N2f3 Qc7 11. Qe2 Nc6 12. Re1 Bg4 13. Nb5 Qc8 14. h3 Bxf3 15. Qxf3 a6 16. Na3 Nd7 17. Bb3 Nde5 18. Qg3 Rd8 19. Bg5 Rd3 20. Re3 Rxe3 21. Qxe3 Qf5 22. Rd1 Rd8 23. Rxd8+ Nxd8 24. Bxe7 Ndc6 25. Bg5 b5 26. Bf4 h5 27. Nc2 Qd7 28. Nd4 Nxd4 29. cxd4 Nc6 30. d5 Nd4 31. d6 Nxb3 32. Qxb3 Bf8 33. Qd5 Kh7 34. h4 a5 35. g3 a4 36. b3 axb3 37. axb3 Kg8 38. Kg2 Kh7 39. Be5 Bh6 40. Bd4 Bg7 41. Bxg7 Kxg7 42. Qe5+ Kg8 43. Qd5 Kf8 44. b4 Ke8 45. Qa8+ Qd8 46. Qe4+ Kd7 47. Qd5 Ke8 48. Qxb5+ Kf8 49. Qd5 Qb6 50. b5 Ke8 51. Qc6+ Qxc6+ 52. bxc6 Kd8 53. Kf3 f6 54. Ke4 1-0


[Site "https://www.chess.com"]